Map: Frozen Temple

Players

ThisGameSuck

  • Race: Protoss Protoss
  • League: Grandmaster

Lind - Winner!

  • Race: Protoss Protoss
  • League: Grandmaster

VOD

Have the link to the VOD?

Description

Time

  • Played on: June 30, 2016, 9:53 a.m.
  • Length: 6:03
Show
View Real Time Build Order
Export as new Build Order

ThisGameSuck Protoss 

Build Orders:  

Get SALT Encoding   

  12  0:01  Probe (Chrono Boost)  
  13  0:11  Probe (Chrono Boost)  
  14  0:17  Pylon  
  14  0:22  Probe (Chrono Boost)  
  15  0:36  Gateway, Probe (Chrono Boost)  
  16  0:46  Probe (Chrono Boost)  
  16  0:47  Assimilator  
  17  0:52  Assimilator  
  18  0:57  Probe (Chrono Boost)  
  18  1:07  Probe (Chrono Boost)  
  18  1:09  Gateway  
  19  1:18  Probe (Chrono Boost)  
  20  1:25  Cybernetics Core  
  20  1:29  Probe (Chrono Boost)  
  21  1:39  Probe (Chrono Boost)  
  22  1:41  Pylon  
  22  1:50  Probe (Chrono Boost)  
  23  2:00  Probe (Chrono Boost)  
  24  2:01  Warp Gate (Chrono Boost)  
  24  2:02  Stalker  
  24  2:07  Stalker  
  28  2:13  Mothership Core  
  30  2:20  Pylon  
  30  2:34  Probe  
  31  2:38  Sentry  
  31  2:42  Sentry  
  35  2:46  Probe  
  36  2:52  Gateway  
  36  3:09  Robotics Facility, Probe  
  37  3:14  Stalker, Pylon  
  39  3:23  Pylon  
  39  3:52  Adept x2  
  39  3:53  Stalker  
  44  3:58  Pylon  
  44  4:14  Immortal (Chrono Boost)  
  47  4:26  Stalker x2  
  51  4:34  Sentry  
  53  4:38  Pylon  
  53  4:43  Pylon  
  53  4:47  Warp Prism (Chrono Boost)  
  53  5:00  Stalker x3  
  47  5:45  Stalker  
  47  5:46  Stalker x2  
Show
View Real Time Build Order
Export as new Build Order

Lind Protoss - Winner!

Build Orders:  

Get SALT Encoding   

  12  0:00  Probe (Chrono Boost)  
  13  0:11  Probe (Chrono Boost)  
  14  0:17  Pylon  
  14  0:22  Probe (Chrono Boost)  
  15  0:36  Probe (Chrono Boost)  
  15  0:37  Gateway  
  15  0:41  Assimilator  
  16  0:46  Probe (Chrono Boost)  
  17  0:51  Assimilator  
  18  0:57  Probe (Chrono Boost)  
  18  1:04  Gateway  
  18  1:07  Probe (Chrono Boost)  
  19  1:18  Probe (Chrono Boost)  
  20  1:23  Cybernetics Core  
  20  1:28  Probe (Chrono Boost)  
  21  1:33  Pylon  
  21  1:43  Probe (Chrono Boost)  
  23  1:54  Probe (Chrono Boost)  
  23  1:59  Stalker  
  23  2:00  Stalker  
  27  2:01  Warp Gate (Chrono Boost)  
  27  2:09  Pylon  
  27  2:14  Mothership Core  
  29  2:32  Stalker x2  
  33  2:48  Gateway  
  33  2:56  Robotics Facility  
  33  3:09  Pylon  
  33  3:43  Immortal (Chrono Boost)  
  37  3:48  Stalker x3  
  37  3:52  Pylon  
  43  4:09  Probe  
  44  4:18  Warp Prism (Chrono Boost)  
  46  4:32  Nexus  
  46  4:35  Sentry x2  
  50  4:40  Adept  
  50  4:43  Probe (Chrono Boost)  
  53  4:56  Pylon  
  53  4:57  Probe (Chrono Boost)  
  53  5:00  Observer  
  53  5:10  Sentry  
  55  5:14  Probe (Chrono Boost)  
  55  5:15  Adept x2  
  50  5:55  Stalker x3  
Tags
 
Add a new tag
Caveats
  • Supply blocks, unpowered buildings, or Contaminate may cause inaccurate times.
  • Supply counts are checked every 10 seconds.